 Dungeon Crawl Stone Soup version 0.27-a0-1456-gf5a116941d (webtiles) character file.

Game seed: 17442606903045635004

1771 bande the Shield-Bearer (level 9, -3/54 HPs)
             Began as a Gargoyle Fighter on July 3, 2021.
             Slain by an ogre (19 damage)
             ... on level 6 of the Dungeon on July 5, 2021.
             The game lasted 00:11:08 (7481 turns).

bande the Shield-Bearer (Gargoyle Fighter)          Turns: 7481, Time: 00:11:09

Health: -3/54      AC: 17    Str: 22    XL:     9   Next: 7%
Magic:  0/9        EV:  8    Int:  9    God:
Gold:   388        SH: 11    Dex: 10    Spells: 7/8 levels left

rFire    . . .     SeeInvis .   a - +1 war axe
rCold    + . .     Faith    .   c - +1 kite shield
rNeg     + . .     Spirit   +   b - +0 scale mail
rPois    ∞         Reflect  .   w - +2 helmet
rElec    +         Harm     .   (no cloak)
rCorr    .         Rampage  .   (no gloves)
Will     .....                  (no boots)
Stlth    ..........             m - amulet of guardian spirit
HPRegen  0.18/turn              k - ring of protection from cold
MPRegen  0.11/turn              (no ring)

@: no status effects
A: sickness immunity, AC +6, negative energy resistance 1, electricity
resistance, torment resistance 1, petrification resistance
a: no special abilities


You were on level 6 of the Dungeon.
You visited 1 branch of the dungeon, and saw 6 of its levels.

You collected 388 gold pieces.

Inventory:

Hand Weapons
 a - a +1 war axe (weapon)
 g - a +0 flail
Armour
 b - a +0 scale mail (worn)
 c - a +1 kite shield (worn)
 w - a +2 helmet (worn)
Jewellery
 k - a ring of protection from cold (left hand)
 m - an amulet of guardian spirit (around neck)
 r - an amulet of magic regeneration
Wands
 f - a wand of charming (13)
 x - a wand of flame (8)
Scrolls
 d - a scroll of teleportation
 h - a scroll of silence {unknown}
 i - 3 scrolls of enchant armour
 o - a scroll of enchant weapon
Potions
 e - a potion of flight
 l - 2 potions of curing
 p - a potion of invisibility
 s - 2 potions of heal wounds
 t - a potion of haste
 u - 2 potions of brilliance {unknown}


   Skills:
 + Level 5.3 Fighting
 + Level 6.1 Axes
 + Level 5.9 Armour
 - Level 2.0 Dodging
 + Level 6.3 Shields
 * Level 0.5 Translocations
 * Level 3.7 Evocations


You had 7 spell levels left.
You knew the following spells:

 Your Spells              Type           Power      Damage    Failure   Level
a - Apportation           Tloc           0%         N/A       94%         1

Your spell library contained the following spells:

 Spells                   Type           Power      Damage    Failure   Level
 Animate Skeleton         Necr           0%         N/A       97%         1
 Corona                   Hex            0%         N/A       97%         1
 Summon Small Mammal      Summ           0%         N/A       97%         1
 Static Discharge         Conj/Air       0%         N/A       99%         2
 Portal Projectile        Hex/Tloc       0%         N/A       100%        3
 Dispel Undead            Necr           0%         3d6       100%        4
 Sticky Flame             Conj/Fire      0%         2d3       100%        4
 Blade Hands              Tmut           0%         N/A       100%        5
 Excruciating Wounds      Necr           0%         N/A       100%        5


Dungeon Overview and Level Annotations

Branches:
Dungeon (6/15)
 Temple: D:4-7

Altars:
Fedhas
Hepliaklqana
Kikubaaqudgha
Ru
Vehumet
Zin
The Shining One
Beogh

Shops:
D:1 :   D:4 (   D:6 !

Annotations:
D:5 3 runed translucent doors, Alvadar's ghost, amateur DgIE
D:6 1 transporter, Sobieck's ghost, amateur HOMo


Innate Abilities, Weirdness & Mutations

You are immune to sickness and miasma.
Your stone body is resilient. (AC +6)
You are immune to poison.
You resist negative energy. (rN+)
You are resistant to electric shocks. (rElec)
You are resistant to unholy torment.
You are immune to petrification.


Message History

The ogre hits you with a +0 giant spiked club!
You slash the ogre!
The ogre is heavily wounded.
The ogre hits you with a +0 giant spiked club!
The bullfrog skeleton hits you but does no damage.
You hit the ogre.
The ogre is severely wounded.
You hit the bullfrog skeleton.
The bullfrog skeleton hits you but does no damage.
The ogre barely misses you.
The bullfrog skeleton hits you but does no damage.
You barely miss the ogre.
The ogre is severely wounded.
You slash the bullfrog skeleton!
The ogre hits you with a +0 giant spiked club!
You are too injured to fight recklessly!
You are too injured to fight recklessly!
You are too injured to fight recklessly!
You are too injured to fight recklessly!
You are too injured to fight recklessly!
You are too injured to fight recklessly!
You are too injured to fight recklessly!
You are too injured to fight recklessly!
Unknown command.
You barely miss the ogre.
The ogre is severely wounded.
You closely miss the necrophage. The ogre closely misses you.
The necrophage hits you.
Unknown command.
You hit the ogre.
The ogre is severely wounded.
You hit the necrophage.
The ogre hits you with a +0 giant spiked club!
* * * LOW HITPOINT WARNING * * *
You block the necrophage's attack.
You barely miss the ogre.
The ogre is severely wounded.
You slash the necrophage! You block the necrophage's attack.
The ogre hits you with a +0 giant spiked club!!
You die...

###........#
#.......# #
##....####
#.......## ##
##.###
#........### #.
### #.........###
#.
##..........###.
##........###....
##..##...)##
####.
##..####..## ##
#n@## ##.#
.....ZO## ###
......# ......
..... #####


You could see an ogre, a necrophage and a bullfrog skeleton.

Vanquished Creatures
  A steam dragon (D:6)
  A black bear (D:6)
  A necrophage (D:6)
  4 ogres
  3 centaurs
  A phantom (D:5)
  A gnoll sergeant (D:6)
  3 scorpions
  2 water moccasin zombies (D:5)
  2 water moccasin skeletons (D:5)
  2 centaur zombies (D:5)
  A gnoll shaman (D:4)
  An orc priest (D:4)
  4 iguanas
  A hound skeleton (D:5)
  6 gnolls
  An adder (D:2)
  An ufetubus (D:6)
  4 worms
  4 dart slugs
  6 orcs (D:4)
  3 endoplasms
  A giant cockroach (D:3)
  11 goblins
  8 hobgoblins
  5 jackals
  2 quokkas
  6 ball pythons
  5 bats
  6 frilled lizards
  6 kobolds
  4 rats
107 creatures vanquished.

Vanquished Creatures (others)
  4 plants (D:4)
4 creatures vanquished.

Grand Total: 111 creatures vanquished

Notes
Turn   | Place    | Note
-------+----------+-------------------------------------------
     0 | D:1      | bande the Gargoyle Fighter began the quest for the Orb.
     0 | D:1      | Reached XP level 1. HP: 14/14 MP: 1/1
   467 | D:1      | Reached XP level 2. HP: 15/19 MP: 2/2
   472 | D:1      | Found Utsuwetu's Book Shop.
   913 | D:1      | Found a faded altar of an unknown god.
  1204 | D:2      | Found a radiant altar of Vehumet.
  1260 | D:2      | Reached XP level 3. HP: 23/23 MP: 3/3
  1913 | D:3      | Reached XP level 4. HP: 28/28 MP: 4/4
  2058 | D:3      | Noticed an ogre
  2065 | D:3      | HP: 1/29 [ogre (15)]
  2068 | D:3      | Killed an ogre
  2069 | D:3      | Reached XP level 5. HP: 2/33 MP: 5/5
  2456 | D:3      | Found a hazy altar of Hepliaklqana.
  2536 | D:3      | Upgraded the game from 0.27-a0-1431-gcffa5a9b16 to
                  | 0.27-a0-1456-gf5a116941d
  2564 | D:3      | Found an ancient bone altar of Kikubaaqudgha.
  3364 | D:4      | Reached XP level 6. HP: 32/38 MP: 4/6
  3601 | D:4      | HP: 1/38 [iguana (3)]
  3981 | D:4      | Learned a level 1 spell: Apportation
  4016 | D:4      | Reached skill level 1 in Evocations
  4054 | D:4      | Reached XP level 7. HP: 36/43 MP: 5/7
  4156 | D:4      | Identified the +5 chain mail of the Armoured One {Harm rF+
                  | rC+++ Str-4}
  4258 | D:4      | Found Jucur's Weapon Emporium.
  4670 | D:5      | Entered Level 5 of the Dungeon
  4765 | D:5      | Reached skill level 1 in Dodging
  4813 | D:5      | Reached skill level 5 in Shields
  5334 | D:5      | Reached skill level 5 in Axes
  5334 | D:5      | Reached skill level 5 in Armour
  5334 | D:5      | Reached XP level 8. HP: 24/48 MP: 4/8
  5708 | D:5      | Found a glowing silver altar of Zin.
  5709 | D:5      | Found a sacrificial altar of Ru.
  5709 | D:5      | Found a glowing golden altar of the Shining One.
  5824 | D:5      | Found a blossoming altar of Fedhas.
  5863 | D:5      | Found a runed translucent gate.
  5864 | D:5      | Found a runed translucent gate.
  5864 | D:5      | Noticed Alvadar's ghost (amateur DgIE)
  5865 | D:5      | Found a runed translucent gate.
  5865 | D:5      | Identified the +0 dagger of Viykem {holy, *Rage Fly Dex+4}
  5865 | D:5      | Identified the +1 chain mail of the Stars {rC+ Regen+
                  | Dex+4}
  6376 | D:5      | Reached skill level 5 in Fighting
  6647 | D:6      | Found Zerihimm's Distillery.
  6742 | D:6      | Noticed a vampire
  6743 | D:6      | Found a transporter.
  6743 | D:6      | Noticed Sobieck's ghost (amateur HOMo)
  7216 | D:6      | Reached XP level 9. HP: 54/54 MP: 9/9
  7481 | D:6      | Slain by an ogre

Illustrated notes

Levels and vault maps discovered:
D:1:      dpeg_arrival_erosion, layout_basic, serial_shops, shop,
          shapermc_ecumenical_altar_mp_ritualfount
D:2:      layout_loops_ring, basic_altar
D:3:      layout_rooms, general_overflow_altar, marbit_many_paths,
          chequers_garden
D:4:      layout_cave_pods, serial_forest, infiniplex_forest_straight_2,
          infiniplex_forest_lined_3, infiniplex_forest_clump_small,
          infiniplex_forest_clump_curved, infiniplex_forest_straight_3,
          infiniplex_forest_end_2, infiniplex_forest_clump_tiny,
          infiniplex_forest_lined_corner, infiniplex_forest_clump_small,
          infiniplex_forest_end_2, serial_shops, nicolae_diamond_shop
D:5:      layout_cave_pools, kennysheep_little_box,
          gammafunk_temple_overflow_forgotten, biasface_ghost_orc_armoury
D:6:      layout_cave_pods, gammafunk_ghost_mausoleum, serial_shops,
          nicolae_shop_waterfront

Skill      XL: |  1  2  3  4  5  6  7  8 |
---------------+-------------------------+-----
Axes           | 2 3 4 5 6 |  6.1
Shields        | 4 5 6 |  6.3
Armour         | 4 5 |  5.9
Fighting       | 4 5 |  5.3
Evocations     | 1 2 3 |  3.7
Dodging        | 1 2 |  2.0
Translocations | |  0.5

Action                   |  1- 3 |  4- 6 |  7- 9 || total
-------------------------+-------+-------+-------++-------
Melee: War axe           |   119 |   118 |   213 ||   450
  Use: Scroll            |       |     5 |    10 ||    15
       Potion            |       |     2 |       ||     2
Armor: Scale mail        |    75 |    70 |   204 ||   349
Dodge: Dodged            |    40 |    52 |   126 ||   218
Block: Kite shield       |    75 |    73 |   201 ||   349

Table legend: (Time is in decaauts)
 A = Elapsed time spent in this place.
 B = Non-inter-level travel time spent in this place.
 C = Inter-level travel time spent in this place.
 D = Time resting spent in this place.
 E = Time spent auto-exploring this place.
 F = Levels seen in this place.
 G = Mean time per level.
                   A        B        C        D        E       F      G
               +--------+--------+--------+--------+--------+-----+--------+
         Total |   7714 |   7714 |      0 |   2363 |   4029 |   6 | 1285.7 |
       Dungeon |   7714 |   7714 |      0 |   2363 |   4029 |   6 | 1285.7 |
               +--------+--------+--------+--------+--------+-----+--------+

Top non-repeatable levels by time:
     D:4: 1851 daAuts
     D:5: 1459 daAuts
     D:3: 1349 daAuts
     D:6: 1071 daAuts
     D:2: 992 daAuts
     D:1: 991 daAuts
